 Dungeon Sprint DCSS version 0.20.1-1-g8b1a95d (webtiles) character file.

8070 suicidejoker the Unseen (level 11, -5/47 HPs)
             Began as a Spriggan Enchanter on Sept 5, 2017.
             Was the Champion of Cheibriados.
             Killed by divine providence
             ... invoked by an orc high priest
              (13 damage)
             ... in the Dungeon (Sprint IX: "|||||||||||||||||||||||||||||").
             The game lasted 00:12:03 (1946 turns).

suicidejoker the Unseen (Spriggan Enchanter)        Turns: 1946, Time: 00:12:03

Health: -5/47      AC:  6    Str: 22    XL:     11   Next: 5%
Magic:  15/29      EV: 42    Int: 32    God:    Cheibriados [******]
Gold:   1268       SH:  0    Dex: 32    Spells: 28/37 levels left

rFire    . . .     SeeInvis +   a - +1 dagger
rCold    + . .     Gourm    .   (shield restricted)
rNeg     . . .     Faith    .   u - +1 robe {rC+}
rPois    .         Spirit   .   (helmet restricted)
rElec    .         Reflect  .   y - +2 cloak
rCorr    .         Harm     .   (gloves unavailable)
MR       +....     NoTele   +   (boots unavailable)
Stlth    ++++++++..             (no amulet)
Regen    0.2/turn               p - +2 ring of evasion
MPRegen  0.3/turn               q - +2 ring of evasion

@: very slow
A: unfitting armour, see invisible, herbivore 3, speed 3, slow metabolism 2
a: Bend Time, Temporal Distortion, Slouch, Step From Time, Renounce Religion


You were in the Dungeon.
You worshipped Cheibriados.
Cheibriados was exalted by your worship.
You were very hungry.

You visited 1 branch You collected 1268 gold pieces.

Inventory:

Hand Weapons
 a - a +1 dagger (weapon)
 e - a +0 shortbow
Missiles
 i - 59 arrows
Armour
 u - a +1 robe of cold resistance (worn)
 y - a +2 cloak (worn)
Jewellery
 p - a +2 ring of evasion (left hand)
 q - a +2 ring of evasion (right hand)
Wands
 o - a wand of lightning (5/15)
Scrolls
 j - 4 scrolls of blinking
 m - 3 scrolls of remove curse
 n - 2 scrolls of amnesia
 t - a scroll of recharging
 v - a scroll of identify
Potions
 g - 2 potions of haste
 h - 3 potions of magic
 k - a potion of invisibility
 l - 4 potions of curing
 r - a potion of brilliance
 s - a potion of might
Books
 c - a book of Maledictions

   Spells                             Type                      Level
   a - Corona                         Hexes                        1
   b - Ensorcelled Hibernation        Hexes/Ice                    2
   c - Confuse                        Hexes                        3
   d - Tukima's Dance                 Hexes                        3
   e - Dazzling Spray                 Conjuration/Hexes            3
Comestibles
 d - 13 bread rations
 x - 40 fruits


   Skills:
 + Level 12.6 Short Blades
 + Level 3.4 Bows
 + Level 15.8 Dodging
 + Level 17.3 Stealth
 + Level 13.8 Spellcasting
 + Level 14.0 Hexes
 * Level 5.6 Invocations
 + Level 5.1 Evocations


You had 28 spell levels left.
You knew the following spells:

 Your Spells              Type           Power        Failure   Level  Hunger
a - Corona                Hex            #######      0%          1    None
b - Ensorcelled Hibernat  Hex/Ice        ######       1%          2    None
c - Dazzling Spray        Conj/Hex       ######       1%          3    None
d - Confuse               Hex            #######.     1%          3    None


Dungeon Overview and Level Annotations

Branches:
Dungeon (1/1)

Altars:
Cheibriados
Dithmenos
Elyvilon
Fedhas
Gozag
Hepliaklqana
Kikubaaqudgha
Makhleb
Nemelex Xobeh
Okawaru
Qazlal
Ru
Sif Muna
Trog
Uskayaw
Vehumet
Xom
Yredelemnul
Zin
The Shining One
Beogh
Jiyva
Lugonu

Shops:
D [


Innate Abilities, Weirdness & Mutations

You are very small and have problems with some larger weapons.
You are too small for most types of armour.
You have supernaturally acute eyesight. (SInv)
You are a herbivore.
You cover ground extremely quickly.
You need consume almost no food.


Message History

Press: ? - help, Shift-Dir - straight line, f - orc knight
Aim: an orc knight, wielding a great sword and wearing a plate armour (severely wounded, unusually strong)
Your target is gone.
You hear a mighty clap of thunder!
The bolt of lightning misses the orc knight.
The bolt of lightning hits the hellwing.
The hellwing is heavily wounded.
The bolt of lightning hits the orc high priest.
The orc high priest is severely wounded.
The bolt of lightning misses the orc high priest.
The bolt of lightning hits the orc knight.
The orc knight is almost dead.
Your attack snaps the orc knight out of its fear.
This wand has 5 charges left.
Cornered, the orc knight turns to fight!
The orc high priest prays to Beogh.
The orc knight completely misses you.
The orc high priest mumbles some strange prayers to Beogh against you.
Beogh smites you!
You die...

▓o▓.▓.▓.▓[▓
▓4▓.▓.▓.▓[▓
▓o▓.▓†▓.▓)▓
▓o▓.▓†▓.▓|▓
▓o▓.▓†▓.▓.▓
▓4▓.▓†▓.▓.▓
▓o▓.▓'▓.▓'▓
▓)▓.▓.▓.▓_▓
▓@▓.▓.▓.▓_▓
▓.▓.▓.▓.▓_▓
▓.▓.▓.▓.▓_▓
▓.▓.▓†▓.▓.▓
▓.▓.▓†▓.▓_▓
▓[▓.▓.▓.▓_▓
▓)▓.▓.▓.▓_▓
▓)▓.▓.▓.▓_▓
▓)▓.▓'▓.▓_▓


You could see 2 orc knights, 2 orc high priests, an orange demon and a hellwing.

Vanquished Creatures
  A centaur warrior (D)
  An orc high priest (D)
  An orc knight (D)
  An orc sorcerer (D)
  An ugly thing (D)
  2 black mambas (D)
  2 spiny frogs (D)
  2 komodo dragons (D)
  2 rime drakes (D)
  2 wargs (D)
  An acid dragon (D)
  2 hell hounds (D)
  2 porcupines (D)
  A water moccasin (D)
  10 orc warriors (D)
  A sky beast (D)
  A phantom (D)
  3 centaurs (D)
  5 wolves (D)
  2 crocodiles (D)
  A big kobold (D)
  5 bullfrogs (D)
  A scorpion (D)
  A crimson imp (D)
  3 orc priests (D)
  4 orc wizards (D)
  2 worker ants (D)
  8 orcs (D)
  A goblin (D)
  A hobgoblin (D)
  A jackal (D)
  A frilled lizard (D)
  2 rats (D)
74 creatures vanquished.

Notes
Turn   | Place    | Note
-------+----------+-------------------------------------------
     0 | D        | suicidejoker the Spriggan Enchanter began the quest for the Orb.
     0 | D        | Reached XP level 1. HP: 9/9 MP: 5/5
    25 | D        | Reached skill level 5 in Stealth
   142 | D        | Noticed a worker ant
   142 | D        | Noticed a crimson imp
   142 | D        | Noticed a centaur
   146 | D        | Killed a centaur
   146 | D        | Reached skill level 7 in Stealth
   146 | D        | Reached skill level 5 in Spellcasting
   146 | D        | Reached skill level 5 in Hexes
   146 | D        | Reached XP level 2. HP: 10/13 MP: 6/9
   146 | D        | Reached XP level 3. HP: 12/16 MP: 6/10
   146 | D        | Reached XP level 4. HP: 16/21 MP: 7/12
   254 | D        | Reached skill level 8 in Stealth
   326 | D        | Reached XP level 5. HP: 11/24 MP: 14/14
   335 | D        | Learned a level 2 spell: Ensorcelled Hibernation
   339 | D        | Learned a level 3 spell: Dazzling Spray
   343 | D        | Learned a level 3 spell: Confuse
   528 | D        | Found a roughly hewn altar of Beogh.
   528 | D        | Found a snail-covered altar of Cheibriados.
   528 | D        | Found a shadowy altar of Dithmenos.
   528 | D        | Found a white marble altar of Elyvilon.
   528 | D        | Found a blossoming altar of Fedhas.
   528 | D        | Found an opulent altar of Gozag.
   529 | D        | Found a hazy altar of Hepliaklqana.
   530 | D        | Found a viscous altar of Jiyva.
   531 | D        | Found an ancient bone altar of Kikubaaqudgha.
   532 | D        | Became a worshipper of Cheibriados the Contemplative
   556 | D        | Found a corrupted altar of Lugonu.
   557 | D        | Found a burning altar of Makhleb.
   558 | D        | Found a sparkling altar of Nemelex Xobeh.
   559 | D        | Found an iron altar of Okawaru.
   560 | D        | Found a stormy altar of Qazlal.
   561 | D        | Found a sacrificial altar of Ru.
   562 | D        | Found a deep blue altar of Sif Muna.
   563 | D        | Found a bloodstained altar of Trog.
   564 | D        | Found a hide-covered altar of Uskayaw.
   565 | D        | Found a radiant altar of Vehumet.
   567 | D        | Found a shimmering altar of Xom.
   568 | D        | Found a basalt altar of Yredelemnul.
   569 | D        | Found a glowing silver altar of Zin.
   570 | D        | Found a glowing golden altar of the Shining One.
   602 | D        | Noticed a centaur
   602 | D        | Noticed a sky beast
   604 | D        | Reached skill level 5 in Short Blades
   612 | D        | Reached skill level 9 in Stealth
   620 | D        | Reached * piety under Cheibriados
   620 | D        | Reached skill level 10 in Stealth
   620 | D        | Reached XP level 6. HP: 22/28 MP: 3/17
   626 | D        | Killed a sky beast
   655 | D        | Reached skill level 11 in Stealth
   685 | D        | Reached XP level 7. HP: 11/32 MP: 0/19
   999 | D        | Noticed a brown ugly thing
   999 | D        | Noticed a centaur warrior
  1001 | D        | Killed a centaur warrior
  1001 | D        | Reached skill level 13 in Stealth
  1001 | D        | Reached skill level 10 in Spellcasting
  1001 | D        | Reached skill level 10 in Hexes
  1001 | D        | Reached XP level 8. HP: 36/36 MP: 20/23
  1003 | D        | Killed a brown ugly thing
  1011 | D        | Reached ** piety under Cheibriados
  1018 | D        | Reached skill level 14 in Stealth
  1298 | D        | Noticed a spiny frog
  1298 | D        | Noticed a komodo dragon
  1300 | D        | Killed a komodo dragon
  1300 | D        | Reached *** piety under Cheibriados
  1300 | D        | Reached skill level 10 in Short Blades
  1300 | D        | Reached XP level 9. HP: 39/39 MP: 22/25
  1302 | D        | Killed a spiny frog
  1306 | D        | Reached **** piety under Cheibriados
  1307 | D        | Reached skill level 15 in Stealth
  1307 | D        | Reached ***** piety under Cheibriados
  1399 | D        | Noticed a rime drake
  1399 | D        | Noticed a komodo dragon
  1399 | D        | Noticed a rime drake
  1404 | D        | Noticed a black mamba
  1405 | D        | Noticed a black mamba
  1406 | D        | Killed a rime drake
  1407 | D        | Noticed a spiny frog
  1416 | D        | Killed a komodo dragon
  1418 | D        | Killed a black mamba
  1418 | D        | Reached skill level 16 in Stealth
  1418 | D        | Reached XP level 10. HP: 33/44 MP: 17/27
  1418 | D        | Killed a black mamba
  1418 | D        | Reached ****** piety under Cheibriados
  1425 | D        | Killed a spiny frog
  1425 | D        | Reached skill level 15 in Dodging
  1527 | D        | Reached skill level 1 in Invocations
  1527 | D        | Reached skill level 1 in Evocations
  1776 | D        | Noticed an orc sorcerer
  1776 | D        | Noticed an orc high priest
  1778 | D        | Killed an orc high priest
  1778 | D        | Reached skill level 1 in Bows
  1778 | D        | Reached skill level 17 in Stealth
  1783 | D        | Noticed a smoke demon
  1786 | D        | Killed an orc sorcerer
  1786 | D        | Reached skill level 5 in Invocations
  1936 | D        | Found Goocir's Armour Boutique.
  1936 | D        | Noticed an orc high priest
  1936 | D        | Noticed an orc high priest
  1936 | D        | Noticed an orc knight
  1936 | D        | Noticed an orc knight
  1936 | D        | Noticed an orc knight
  1938 | D        | Noticed an orange demon
  1939 | D        | Killed an orc knight
  1939 | D        | Reached skill level 5 in Evocations
  1939 | D        | Reached XP level 11. HP: 47/47 MP: 29/29
  1940 | D        | Noticed an orc knight
  1946 | D        | Killed from afar by an orc high priest

Skill      XL: |  1  2  3  4  5  6  7  8  9 10 |
---------------+-------------------------------+-----
Spellcasting   | 5 7 8 10 11 12 13 | 13.8
Stealth        | 7 8 10 11 13 14 16 17 | 17.3
Hexes          | 5 6 7 8 10 11 12 14 | 14.0
Short Blades   | 4 6 7 8 10 11 12 | 12.6
Dodging        | 6 7 8 9 11 13 14 15 | 15.8
Invocations    | 5 |  5.6
Evocations     | 5 |  5.1
Bows           | 3 |  3.4

Action                   |  1- 3 |  4- 6 |  7- 9 | 10-12 || total
-------------------------+-------+-------+-------+-------++-------
Melee: Dagger            |    25 |   153 |    67 |    19 ||   264
 Fire: Shortbow          |       |       |       |     1 ||     1
 Cast: Corona            |     1 |     5 |     2 |       ||     8
       Ensorcelled Hiber |       |     7 |    20 |    21 ||    48
       Dazzling Spray    |       |     2 |     1 |     1 ||     4
Invok: Slouch            |       |       |     1 |    10 ||    11
Evoke: Wand              |       |       |       |     2 ||     2
  Use: Potion            |       |     3 |     2 |     3 ||     8
       Scroll            |       |       |       |     3 ||     3
 Stab: Sleeping          |     1 |     5 |    14 |    12 ||    32
       Fleeing           |       |       |       |     1 ||     1
Armor: Robe              |     3 |     7 |     1 |     1 ||    12
Dodge: Dodged            |    14 |   119 |    45 |    33 ||   211
